Cogmind - Beta 16.1 @@@ ROGUE MODE // 2026.04.20 @ 11:30:46 Player: Maelyn Result: Destroyed by Dirty Bomb Trap Performance ------------- Evolutions (0) 0 Regions Visited (2) 400 Robots Destroyed (16) 80 Value Destroyed (427) 427 Prototype IDs (0) 0 Alien Tech Used (0) 0 Bonus (0) 0 TOTAL SCORE: 907 Bonus ------- None Cogmind --------- Core Integrity 0/250 Matter 57/300 Energy 100/100 System Corruption 1% Temperature Cool (0) Movement Treading (240) Ox1 Location -10/Mines Parts ------- > --- POWER (1) -------- (None) > --- PROPULSION (2) --- Light Treads > --- UTILITY (2) ------ Large Storage Unit Core Shielding > --- WEAPON (2) ------- Small Laser > --- INVENTORY (15) --- Ion Engine Improved Ion Engine Light Treads Light Treads Improved Aluminum Leg Improved Aluminum Leg Improved Aluminum Leg Improved Aluminum Leg Heat Sink Improved Heat Sink Medium Storage Unit Light Armor Plating Small Laser Peak State ------------ > --- POWER ------------ Improved Ion Engine > --- PROPULSION ------- Light Treads Light Treads > --- UTILITY ---------- Large Storage Unit Core Shielding > --- WEAPON ----------- Improved Light Cannon Improved Light Cannon > --- INVENTORY -------- Ion Engine Light Treads Light Treads Improved Aluminum Leg Improved Aluminum Leg Improved Aluminum Leg Improved Aluminum Leg Heat Sink Improved Heat Sink Medium Storage Unit Light Armor Plating Small Laser Small Laser Light Assault Rifle [Rating: 12] Favorites ----------- Power Improved Ion Engine Engine Improved Ion Engine Propulsion Light Treads Treads Light Treads Utility Large Storage Unit Storage Large Storage Unit Protection Core Shielding Weapon Improved Light Cannon Energy Gun Small Laser Ballistic Gun Light Assault Rifle Ballistic Cannon Improved Light Cannon Build | -11 -10 -10 ------- Run | Yrd Mat Min Slots Evolved . | . . . Power . | . . . Propulsion . | . . . Utility . | . . . Weapon . | . . . Parts Attached 14 | 6 7 1 Power 2 | 1 1 . Engine 2 | 1 1 . Core . | . . . Reactor . | . . . Propulsion 4 | 2 2 . Treads 4 | 2 2 . Leg . | . . . Wheel . | . . . Hover . | . . . Flight . | . . . Utility 3 | 1 2 . Device . | . . . Storage 2 | 1 1 . Processor . | . . . Hackware . | . . . Protection 1 | . 1 . Artifact . | . . . Weapon 5 | 2 2 1 Energy Gun 2 | 1 . 1 Energy Cannon . | . . . Ballistic Gun 1 | 1 . . Ballistic Cannon 2 | . 2 . Launcher . | . . . Special Weapon . | . . . Impact Weapon . | . . . Slashing Weapon . | . . . Piercing Weapon . | . . . Special Melee Weapon . | . . . Unidentified Prototypes . | . . . Parts Lost 5 | . . 5 Power 1 | . . 1 Propulsion 1 | . . 1 Utility . | . . . Weapon 3 | . . 3 Highest Loss Streak 3 | . . 3 To Critical Strikes . | . . . Average Backups 10 | 3 6 14 Power 1 | . . 1 Propulsion 4 | 1 2 6 Utility 2 | . 1 3 Weapon 2 | 1 1 2 Tool/Special . | . . . Unused Backups 12 | 1 2 9 Power 2 | 1 . 1 Propulsion 6 | . 2 4 Utility 4 | . . 4 Weapon . | . . . Tool/Special . | . . . Average Slot Usage (%) 96 | . 97 95 Engine 12 | . 14 10 Treads 28 | . 28 28 Storage 14 | . 14 14 Protection 12 | . 11 14 Energy Gun 6 | . 8 3 Ballistic Gun 6 | . 8 3 Ballistic Cannon 15 | . 11 20 Peak Build Rating 12 | 6 11 12 Average Rating 9 | 3 8 10 On Entrance 5 | . 6 11 Avg Prop Armor Cover (%) . | . . . Naked Turns . | . . . Heaviest Build 36 | 12 36 36 Greatest Support 40 | 40 40 40 Greatest Overweight (x) 1 | . . 1 Average Overweight (x) . | . . . Largest Inventory Capacity 15 | 8 15 15 Average Capacity 14 | 7 14 15 Most Carried 15 | 6 12 15 Average Carried 10 | 3 6 14 Final Capacity 15 | 8 15 15 Final Carried 13 | 3 12 13 Class Distribution -------------------- 100% | Mutant Dominant Class ---------------- Mutant | -10/Materials Mutant | -10/Mines Resources | -11 -10 -10 ----------- Run | Yrd Mat Min Matter Collected 308 | 31 151 126 Remotely . | . . . Salvage Created 440 | . 307 133 Parts 24 | . 17 7 Haulers Intercepted 1 | . 1 . Recyclers Shooed . | . . . Parts Field Recycled . | . . . Retrieved Matter . | . . . Parts Self-Destructed . | . . . Prevented . | . . . Parts Restored . | . . . Kills | -11 -10 -10 ------- Run | Yrd Mat Min Combat Hostiles Destroyed 12 | . 6 6 Guns 5 | . 4 1 Cannons 6 | . 2 4 AOE 1 | . . 1 Classes Destroyed 8 | . 5 3 Worker 1 | . 1 . Hauler 1 | . 1 . Operator 1 | . 1 . Watcher 2 | . 2 . Swarmer 2 | . . 2 Grunt 8 | . 6 2 Sentry 1 | . . 1 Assembled 1 | . . 1 Best Kill Streak 6 | . 6 2 Combat Bots Only 2 | . 2 2 Max Kills in Single Turn 1 | . 1 1 Gunslinging . | . . . Exploded 1 | . . 1 Melee . | . . . Uniques/NPCs Destroyed . | . . . Combat | -11 -10 -10 -------- Run | Yrd Mat Min Hostile Shots Fired 90 | . 35 55 Missed 21 | . 8 13 Hits 69 | . 27 42 Melee 9 | . . 9 Projectile 60 | . 27 33 AOE 5 | . . 5 Critical Strikes 2 | . 1 1 Actively Blocked 1 | . 1 . Damage Taken 1278 | . 325 953 Core 268 | . 67 201 Absorbed by Shields . | . . . Redirected to Shielding 47 | . 14 33 Core Remaining (%) 100 | 100 . . Volleys Fired 51 | . 34 17 Largest 2 | . 2 2 Hottest 66 | . 66 66 Shots Fired 103 | . 68 35 Gun 56 | . 38 18 Cannon 47 | . 30 17 Launcher . | . . . Special . | . . . Kinetic 75 | . 49 26 Thermal 28 | . 19 9 Explosive . | . . . Electromagnetic . | . . . Robot Hit Streak 11 | . 11 8 Robot Miss Streak 4 | . 4 3 Penetration Max . | . . . Secondary Targets . | . . . Shots Hit Robots 60 | . 40 20 Core Hits 25 | . 17 8 Critical Kills . | . . . Critical Parts Destroyed . | . . . Critical Strikes 1 | . . 1 Blast 1 | . . 1 Melee Attacks . | . . . Impact . | . . . Slashing . | . . . Piercing . | . . . Sneak Attacks . | . . . Combat Hostiles . | . . . Follow-up Attacks . | . . . Damage Inflicted 853 | . 586 267 Guns 376 | . 254 122 Cannons 477 | . 332 145 Explosions . | . . . Melee . | . . . Ramming . | . . . Kinetic 629 | . 440 189 Thermal 224 | . 146 78 Explosive . | . . . Electromagnetic . | . . . Impact . | . . . Slashing . | . . . Piercing . | . . . Highest Corruption 1 | . 1 1 Average Corruption 1 | . 1 1 Corruption Purged . | . . . Corruption Blocked . | . . . Effects 4 | . . 4 Matter Fused 1 | . . 1 Heat Flow Errors 2 | . . 2 Misfires 1 | . . 1 Overload Shots . | . . . Overflow Damage 38 | . 25 13 Projectiles 38 | . 25 13 Explosions . | . . . Melee . | . . . Knockbacks 4 | . 3 1 Impact . | . . . Kinetic 3 | . 2 1 Secondary 1 | . 1 . Self-Inflicted Damage . | . . . Shots . | . . . Rammed . | . . . Targets Rammed . | . . . Kicked . | . . . Crushed . | . . . Highest Temperature 196 | . 126 196 Average Temperature 45 | . 40 53 Received Heat Transfer 294 | . 180 114 Siege Activations . | . . . Martial Activations . | . . . Shielding Activations . | . . . Robots Disrupted . | . . . Combat Hostiles . | . . . Robots Corrupted . | . . . Combat Hostiles . | . . . Parts Fried . | . . . Impact Corruptions . | . . . Robots Melted . | . . . Combat Hostiles . | . . . Parts Melted . | . . . Heat Transferred 500 | . 325 175 Parts Sabotaged . | . . . Parts Stolen . | . . . Parts Stripped . | . . . Power Chain Reactions . | . . . Alert | -11 -10 -10 ------- Run | Yrd Mat Min Maximum Alert Level . | . . . Low Security (%) 100 | 100 100 100 Level 1 . | . . . Level 2 . | . . . Level 3 . | . . . Level 4 . | . . . Level 5 . | . . . High Security . | . . . Max Security . | . . . Peak Influence 57 | . 57 31 Initial 4 | . . 4 Average 12 | . 20 5 Influence Increases 338 | . 200 138 Destroy 0b10 Robot/C 220 | . 120 100 Destroy 0b10 Robot/NC 25 | . 25 . Destroy Leader 46 | . 26 20 Successful Hack 12 | . 12 . Destroy Structure 5 | . 2 3 Partial Spotted 15 | . . 15 Lose Combat Pursuer 15 | . 15 . Influence Decreases 308 | . 188 120 Entered New Map 8 | . . 8 Time Decay 299 | . 188 111 Lost Part 1 | . . 1 Squads Dispatched 2 | . 2 . Investigation 1 | . 1 . Extermination . | . . . Reinforcement 1 | . 1 . Assault . | . . . Garrison . | . . . Intercept . | . . . Searches Triggered . | . . . Construction Impeded . | . . . Haulers Reinforced . | . . . Active Scanning Responses . | . . . Cargo Convoy Interrupts . | . . . Stealth | -11 -10 -10 --------- Run | Yrd Mat Min Distress Signals 1 | . 1 . Communications Jammed . | . . . Distress Signals . | . . . Times Spotted 37 | . 14 23 Peak Tracking Total 16 | . 5 16 Tactical Retreats 4 | . 1 3 Traps | -11 -10 -10 ------- Run | Yrd Mat Min Traps Triggered 2 | . 2 . Indirectly . | . . . Trap Hack Attempts . | . . . Triggered . | . . . Disarmed . | . . . Reprogrammed . | . . . Reused . | . . . Traps Extracted . | . . . Installed . | . . . Triggered . | . . . Machines | -11 -10 -10 ---------- Run | Yrd Mat Min Machines Disabled . | . . . Max in Single Turn . | . . . Machines Repaired . | . . . Machines Dismantled . | . . . Machines Sabotaged . | . . . Overloaded Fab Kills . | . . . Hacking | -11 -10 -10 --------- Run | Yrd Mat Min Machines Accessed 2 | . 2 . Terminals 2 | . 2 . Fabricators . | . . . Repair Stations . | . . . Recycling Units . | . . . Scanalyzers . | . . . Garrison Access . | . . . Total Hacks 4 | . 4 . Successful 3 | . 3 . Failed 1 | . 1 . Catastrophic . | . . . Database Lockouts . | . . . Manual 3 | . 3 . Terminals 4 | . 4 . Fabricators . | . . . Repair Stations . | . . . Recycling Units . | . . . Scanalyzers . | . . . Garrison Access . | . . . Terminal Hacks 2 | . 2 . Terminal Index 1 | . 1 . Registered Components 1 | . 1 . Fabricator Hacks . | . . . Repair Station Hacks . | . . . Recycling Unit Hacks . | . . . Scanalyzer . | . . . Garrison Access Hacks . | . . . Unauthorized Hacks 1 | . 1 . Terminals 1 | . 1 . Botnet 1 | . 1 . Fabricators . | . . . Repair Stations . | . . . Recycling Units . | . . . Scanalyzers . | . . . Garrison Access . | . . . Data Cores Recovered . | . . . Used . | . . . Hacking Detections 2 | . 2 . Full Trace Events . | . . . Feedback Events . | . . . Feedback Blocked . | . . . Robot Schematics Acquired . | . . . Robots Built . | . . . Authchips . | . . . Time . | . . . Total Robot Build Rating . | . . . Part Schematics Acquired . | . . . Parts Built . | . . . Authchips . | . . . Time . | . . . Total Part Build Rating . | . . . Part Studies Acquired . | . . . Parts Repaired . | . . . Time . | . . . Parts Recycled . | . . . Recycled Matter . | . . . Retrieved Matter . | . . . Retrieved Components . | . . . Parts Scanalyzed . | . . . Part Schematics Acquired . | . . . Parts Damaged . | . . . Bothacking | -11 -10 -10 ------------ Run | Yrd Mat Min Used RIF Installer . | . . . Robots Hacked . | . . . Non-combat . | . . . Combat . | . . . Robot Hacks Applied . | . . . Relay Couplers Released . | . . . Fabnet Peak Effective % . | . . . Robots Rewired . | . . . Allies Hacked . | . . . Hacks Repelled . | . . . Allies | -11 -10 -10 -------- Run | Yrd Mat Min Total Allies . | . . . Largest Group . | . . . Highest-Rated Group . | . . . Highest-Rated Ally . | . . . Total Orders . | . . . Ally Attacks . | . . . Total Damage . | . . . Kills . | . . . Allies Corrupted . | . . . Allies Melted . | . . . Intel | -11 -10 -10 ------- Run | Yrd Mat Min Active Infowar (turns) . | . . . Robot Analysis Total . | . . . Derelict Logs Recovered 1 | . . 1 Drone Launches . | . . . Drone Recoveries . | . . . Exploration | -11 -10 -10 ------------- Run | Yrd Mat Min Turns Passed 1247 | 53 639 555 Spaces Moved 669 | 31 326 312 Core 9 | 9 . . Treads 660 | 22 326 312 Legs . | . . . Wheels . | . . . Hover . | . . . Flight . | . . . Fastest Speed 50 | 50 160 160 Average Speed 158 | 128 160 160 Slowest Speed 240 | 160 160 240 Overloaded Moves . | . . . Propulsion Burnouts . | . . . Robots Hopped . | . . . Potential Cave-ins . | . . . Cave-ins Triggered . | . . . Exploration Rate (%) 41 | 3 59 62 Regions Visited 2 Branch Regions 1 Pre-discovered Areas . | . . . Known Exits Taken . | . . . Unknown Exits Taken 2 | 1 1 . Scrap Searched . | . . . Spaces Dug . | . . . Terrain Destroyed 5 | . 2 3 Melee . | . . . Projectile 5 | . 2 3 AOE . | . . . Terrain Rammed . | . . . Walls Destroyed . | . . . Machines Disabled . | . . . Actions | -11 -10 -10 --------- Run | Yrd Mat Min Total 759 | 47 378 334 Wait . | . . . Move 667 | 30 325 312 Hop . | . . . Pick Up 20 | 10 7 3 Fast Attach 3 | . 3 . Attach 8 | 6 . 2 Detach 2 | . 2 . Swap 4 | . 4 . Drop 4 | 1 3 . Fire 51 | . 34 17 Melee . | . . . Ram . | . . . Kick . | . . . Crush . | . . . Escape Stasis . | . . . Rewire . | . . . Trap . | . . . Miscellaneous . | . . . Route ------- -11/Scrapyard -10/Materials -10/Mines (discovered 3 exits: [*Mat x2] / [*Sub]) History --------- Turn | Location | Event 2 | -11/Scrapyard | Met Revision 17 10 | -11/Scrapyard | Discovered new exit (range 15) 54 | -11/Scrapyard | Entered Materials 312 | -10/Materials | Discovered new exit (range 15) 316 | -10/Materials | Build established: Mutant 693 | -10/Materials | Entered Mines 697 | -10/Mines | Joined a pair of Derelicts in attacking an 0b10 outpost 972 | -10/Mines | Discovered new exit (range 8) 1021 | -10/Mines | Assembled infested the area 1047 | -10/Mines | Discovered new exit (range 8) 1099 | -10/Mines | Core integrity fell below 50% 1138 | -10/Mines | Lost 3 parts (1p2w) 1155 | -10/Mines | Discovered new exit (range 6) 1216 | -10/Mines | Learned Materials terminal intel 1231 | -10/Mines | Core integrity fell below 20% 1248 | -10/Mines | Destroyed by Dirty Bomb Trap Last Messages --------------- 01122_ T-07 Excavator is excavating. 01155_ EXIT=FOUND 01155_ T-07 Excavator is excavating. 01188_ A derelict is hurriedly installing traps. 01190_ 5S-KX5(g): "Hehe, this'll put a wrench in their mining defense operations..." 01190_ 5S-KX5(g) slips into the shadows. 01190_ G-34 Mercenary suffers critical hit (Destroy). 01190_ G-34 Mercenary destroyed. 01213_ as-19160 destroyed. 01216_ Acquired derelict log, extracted data. Data stored: Materials terminal intel. 01232_ System corrupted: Heat flow error (+165). 01243_ Lgt. Treads destroyed. 01248_ as-17287 destroyed. 01248_ Dirty Bomb Trap short circuited. 01248_ Lgt. Assault Rifle destroyed. 01248_ An explosion rips through the floor. 01248_ G-47 Trooper destroyed. 01248_ T-07 Excavator destroyed. Map ----- +----------------------------------------------------+ | * ##????# #????## ##??? ##???#?????????? | | #""#####????## ##????# ##???? #??? ??????????? | | ####???????## ##???## ##????? #??? ??????????? | | ???????????# ##???## #???### #??# ??????????? | | ???????????# #????# #???# #?? ??????????? | | ??????????## #????# ###?# ??? ?????????? | | ??????????# ##????# #?# ##??# """ ???????? | | ??????????# ###?????### ### ##?# """ #??????? | | ??????????# ###?????????# ## #?# """ #??????? | | ??????????# #????????#### # #?# #??????? | | ??????????# #????????# < #??# """ #??????? | | ??????????# ########?# #### ##??# """ #??????? | | ??????????# #?# #??# ##### """ #??????? | | ??????????# ### #??# #??????? | | ??????????########= #??# #??????? | | ?????????????????#%*### #??## ### #??????? | | ?????????????????#* #?# #???# #########??????? | | ?????????????????# #?# #??## ##????????????? | | ?????????????????#% #?# #?## #????????????? | | ?????????????????# #?# ### #????????????? | | ????????????????? #?# #????????????? | | ?????????????????# #?# #### ##????????????? | | ?????????????????# #?# #?### #?????????????? | | ?????????????????# #?# ## ## #?????????????? | | ?????????????????# ### ;### ##????????????? | | ?????????????????#= ;; @ #?#### #????????????? | | ?????????????????#%! #????## ##???????????? | | ????????# ??????# ! #????# #???????????? | | ?????????# #### = #????# #???????????? | | ??????????# % = #????# ##???????????? | | ???????????####### % ;???#< ##????????????? | | ????????????????# #???#####?????????????? | | ????????????????# #?????????????????????? | | ????????????????## ;;;;#?????????????????????? | | ?????????????????### ######?????????????????????? | | ???????????????????####??????????????????????????? | | ?????????????????????????????????????????????????? | | | | | | | | | | | | | | | | | | | | | | | | | | | +----------------------------------------------------+ Best States ------------- Heat Dissipation 25 Energy Generation 12 Energy Capacity 265 Matter Stores 134 Matter Capacity 300 Sight Range 16 Terrain Scan Density 10 Core Shielding 20 Evasion (%) 50 Recoil Reduction 2 Item Schematics ----------------- None Robot Schematics ------------------ None Fabricated ------------ Nothing Repaired ---------- Nothing Studied --------- None Alien Tech Used ----------------- None Achievements -------------- None Challenges ------------ None Game ------ Seed TechMatterCleaver Manual? 0 Play Time 00:13:12 Cumulative 65.7 hours Start 2026.04.20 @ 11:20:53 End 2026.04.20 @ 11:30:46 Sessions 1 Manual Loads 0 Difficulty Rogue Special Mode None Game No. 127 Rogue 127 Adventurer 0 Explorer 0 Win Type - Total 0 Types 0/0/0/0/0/0/0/0/0/0 Lore% 15 Gallery% 33 Achievement% 22 Wizard Run 0 Options --------- Layout 0 ASCII 0 Keyboard 1 Movement Vi Keybinds 0 Fullscreen 2 Font 18/T_Terminus Map View 76x50 Zoom Use 0% Tactical HUD 1 Map Filters SHIFT_HUE(5) Filters LOW_CONTRAST(10,2,20)|SHIFT_HUE(5) Steam 1 RUN: 3f543a75-2de3-4740-97f7-9b62be6f0b0d